 Dungeon Crawl Stone Soup version 0.22-a0-407-gb098539 (webtiles) character file.

3423 dstrtnsr the Grappler (level 9, 91/91 HPs)
             Began as a Troll Fighter on May 10, 2018.
             Was an Initiate of Cheibriados.
             Quit the game in the Ecumenical Temple.
             The game lasted 00:06:37 (5632 turns).

dstrtnsr the Grappler (Troll Fighter)               Turns: 5632, Time: 00:06:38

Health: 91/91      AC:  5    Str: 30    XL:     9   Next: 76%
Magic:  8/8        EV:  9    Int:  5    God:    Cheibriados [......]
Gold:   358        SH: 11    Dex: 10    Spells: 8/8 levels left

rFire    . . .     SeeInvis .     - Unarmed
rCold    + . .     Gourm    +   b - +0 shield
rNeg     . . .     Faith    .   v - +0 robe
rPois    .         Spirit   .   q - +0 hat
rElec    .         Reflect  .   D - scarf {cloud immunity}
rCorr    .         Harm     .   (gloves unavailable)
MR       .....                  (boots unavailable)
Stlth    +.........             (no amulet)
HPRegen  0.65/turn              c - ring of protection from cold
MPRegen  0.11/turn              (no ring)

@: slow
A: large, unfitting armour, claws 3, fast metabolism 3, gourmand, regeneration
1, shaggy fur 1, tough skin 2
a: Bend Time, Renounce Religion


You were in the Ecumenical Temple.
You worshipped Cheibriados.
Cheibriados was noncommittal.
You were not hungry.

You visited 2 branches of the dungeon, and saw 9 of its levels.

You collected 463 gold pieces.
You spent 105 gold pieces at shops.

Inventory:

Armour
 a - a +0 robe
 b - a +0 shield (worn)
 q - a +0 hat (worn)
 v - a +0 robe (worn)
 y - a +0 cloak
 D - a scarf of cloud immunity (worn)
Jewellery
 c - a ring of protection from cold (left claw)
 x - an uncursed amulet of harm {unknown}
 z - an uncursed amulet of guardian spirit {unknown}
Wands
 C - a wand of acid (9)
 M - a wand of polymorph (21)
Scrolls
 g - a scroll of enchant armour {unknown}
 h - 4 scrolls of teleportation {!d}
 k - a scroll of remove curse {@r2}
 l - 2 scrolls of blinking
 o - a scroll of summoning {unknown}
 r - 3 scrolls of magic mapping
 s - a scroll of noise {unknown}
 t - 2 scrolls of fear {unknown}
 u - 2 scrolls of random uselessness {unknown}
 w - a scroll of amnesia {unknown}
 A - a scroll of fog {unknown}
 B - a scroll of identify {@r1}
Potions
 d - 2 potions of mutation
 f - a potion of berserk rage
 i - 4 potions of might
 j - 3 potions of haste
 m - a potion of flight
 n - 2 potions of lignification
 p - 3 potions of curing {@q1}
Comestibles
 e - 19 rations {!d}


   Skills:
 + Level 6.3 Fighting
 - Level 2.4 Dodging
 + Level 6.3 Shields
 * Level 10.1 Unarmed Combat


You had 8 spell levels left.
You didn't know any spells.

Dungeon Overview and Level Annotations

Branches:
Dungeon (8/15)             Temple (1/1) D:7
   Lair: D:8-11

Altars:
Ashenzari
Cheibriados
Dithmenos
Elyvilon
Fedhas
Gozag
Hepliaklqana
Kikubaaqudgha
Makhleb
Qazlal
Sif Muna
Trog
Uskayaw
Vehumet
Wu Jian
Xom
Yredelemnul
Zin
The Shining One

Shops:
D:8 [

Annotations:
D:8 exclusion: 2 doors


Innate Abilities, Weirdness & Mutations

You are too large for most types of armour.
You have claws for hands.
Your metabolism is lightning-fast.
You like to eat raw meat.
Your natural rate of healing is unusually fast.
You are covered in fur. (AC +1)
You have very tough skin. (AC +2)


Message History

You scratch the plant but do no damage.
The plant is lightly damaged.
You scratch the plant.
The plant is moderately damaged.
You completely miss the plant.
The plant is moderately damaged.
You scratch the plant but do no damage.
The plant is moderately damaged.
You claw the plant!
The plant is heavily damaged.
You mangle the plant!!
The plant is almost destroyed.
You mangle the plant!!
You destroy the plant!
You claw the oklob sapling!
The oklob sapling is severely damaged.
The oklob sapling spits acid at you. The splash of acid hits you!
You are splashed with acid!
The acid burns!
You scratch the oklob sapling but do no damage.
The oklob sapling is severely damaged.
The oklob sapling spits acid at you. You block the splash of acid.
You scratch the oklob sapling but do no damage.
The oklob sapling is severely damaged.
You claw the oklob sapling!
You destroy the oklob sapling!
There is a staircase to the Ecumenical Temple here.
You climb downwards.
Welcome to the Ecumenical Temple!
There is a staircase back to the Dungeon here.
HP restored.
You open the door.
There is an open door here.
You open the door.
Found a hide-covered altar of Uskayaw.
Found a basalt altar of Yredelemnul.
There is an open door here.
Found a glowing silver altar of Zin.
Found a shadowy altar of Dithmenos.
There is a glowing silver altar of Zin here.
There is an open door here.
You open the door.
Found three altars.
Found a blossoming altar of Fedhas.
There is an open door here.
Found a stormy altar of Qazlal.
There is an open door here.
You open the door.
Found three altars.
Found a radiant altar of Vehumet.
There is an open door here.
Found an opulent altar of Gozag.
There is an open door here.
You open the door.
Found a shattered altar of Ashenzari and a hazy altar of Hepliaklqana.
There is an open door here.
Found a burning altar of Makhleb.
Found an ornate altar of the Wu Jian Council.
There is an open door here.
There is an open door here.
Done exploring.
Done exploring.
Done exploring.
Done exploring.
Search for what [Enter for "robe", or ? for help]? oka Can't find anything matching that.
Unknown command.
Search for what [Enter for "oka", or ? for help]? chei
There is an open door here.
There is an open door here.
There is a snail-covered altar of Cheibriados here.
You kneel at the altar of Cheibriados.
Cheibriados welcomes you!
Cheibriados begins to support your attributes as your movement slows.
You can now bend time to slow others.
(D) Dungeon (T) Temple
Where to? (Enter - Temple @ (x,y), ? - help)
Okay, then.
Drop what? 31/52 slots (_ for help) (? for menu, Esc to quit)
Okay, then.
Unknown command.
Press < or > to pray at altars.
(D) Dungeon (T) Temple
Where to? (Enter - Temple @ (x,y), ? - help)
What level of the Dungeon? (default 7, ? - help)
There is an open door here.
Key pressed, stopping travel.
Unknown command.
(D) Dungeon (T) Temple
Where to? (Enter - D:7, ? - help)
There is an open door here.
There is an open door here.
There is a staircase back to the Dungeon here.
You climb upwards.
Welcome back to the Dungeon!
There is a staircase to the Ecumenical Temple here.
Unknown command.
You climb downwards.
Welcome back to the Ecumenical Temple!
There is a staircase back to the Dungeon here.
Unknown command.
Unknown command.
Are you sure you want to abandon this character and quit the game? (Confirm with "yes".)

######### ######.......######
######........#........######
###........#####'#####........###
.....#########.....#########.....
..#### ##.........## ####.. ###
#...........# ### # #.....@.....#
# ####### #...........# #######
#.....### ##.........## ###.....#
.._.....## ###.....### ##....._..
.........# ####### #.........
_..⌠.._..# #.._..⌠.._ .........#
#......... ...._...## ##..._....
#.....### ###.....#


There were no monsters in sight!

Vanquished Creatures
  The ghost of dstrtnsr the Cleaver, a novice HOBe of Trog (D:7)
  Edmund (D:4)
  3 orc warriors
  3 sky beasts
  A black bear (D:8)
  A phantom (D:4)
  2 ice beasts
  2 ogres
  3 centaurs
  A big kobold (D:8)
  Blork the orc (D:4)
  2 bullfrogs (D:7)
  2 scorpions
  6 killer bees
  An oklob sapling (D:7)
  2 crimson imps
  A howler monkey (D:4)
  2 hounds (D:5)
  3 orc priests
  2 centaur skeletons
  7 orc wizards
  An iguana (D:7)
  5 worker ants
  A hound zombie (D:6)
  5 adders
  4 shadow imps (D:6)
  An ooze (D:4)
  An adder zombie (D:7)
  2 adder skeletons (D:6)
  A worm (D:4)
  A dart slug (D:4)
  5 leopard geckos
  25 orcs
  A ball python (D:3)
  2 bats
  3 giant cockroaches
  11 goblins
  2 hobgoblins
  4 jackals (D:5)
  A kobold (D:2)
  A quokka (D:8)
  A ball python skeleton (D:5)
  3 frilled lizards
  A quokka skeleton (D:8)
  A quokka zombie (D:8)
  3 rats (D:2)
  A plant (D:7)
134 creatures vanquished.

Notes
Turn   | Place    | Note
-------+----------+-------------------------------------------
     0 | D:1      | dstrtnsr the Troll Fighter began the quest for the Orb.
     0 | D:1      | Reached XP level 1. HP: 22/22 MP: 0/0
   160 | D:2      | Reached XP level 2. HP: 16/29 MP: 1/1
   352 | D:2      | Found a faded altar of an unknown god.
   437 | D:3      | Reached XP level 3. HP: 28/36 MP: 2/2
   566 | D:3      | Reached skill level 3 in Unarmed Combat
   663 | D:4      | Noticed Edmund
   663 | D:4      | Noticed Blork the orc
   676 | D:4      | Killed Blork the orc
   676 | D:4      | Reached XP level 4. HP: 45/45 MP: 3/3
   681 | D:4      | Killed Edmund
   681 | D:4      | Reached skill level 4 in Unarmed Combat
   681 | D:4      | Reached XP level 5. HP: 52/53 MP: 4/4
   785 | D:4      | Reached XP level 6. HP: 57/61 MP: 5/5
   843 | D:4      | HP: 23/61 [ogre/giant club (14)]
   879 | D:4      | HP: 24/61 [ogre/giant club (14)]
   880 | D:4      | Reached skill level 5 in Unarmed Combat
  1026 | D:4      | Found a deep blue altar of Sif Muna.
  1315 | D:5      | Entered Level 5 of the Dungeon
  1368 | D:5      | Reached XP level 7. HP: 68/68 MP: 6/6
  1521 | D:5      | Reached skill level 6 in Unarmed Combat
  1600 | D:5      | HP: 28/70 [centaur/arrow (3)]
  1605 | D:5      | HP: 21/70 [centaur (2)]
  1610 | D:5      | HP: 20/70 [hound (1)]
  2499 | D:6      | Reached XP level 8. HP: 79/79 MP: 7/7
  2840 | D:6      | Reached skill level 7 in Unarmed Combat
  3278 | D:7      | Reached skill level 5 in Fighting
  3278 | D:7      | Reached skill level 5 in Shields
  3278 | D:7      | HP: 30/80 [orc warrior/vampiric trident (15)]
  3279 | D:7      | HP: 13/80 [orc warrior/vampiric trident (17)]
  3299 | D:7      | Found a sand-covered staircase.
  3424 | D:7      | Reached skill level 8 in Unarmed Combat
  3539 | D:7      | Noticed dstrtnsr's ghost (novice HOBe)
  3563 | D:7      | HP: 29/80 [dstrtnsr's ghost (13)]
  3601 | D:7      | HP: 31/80 [dstrtnsr's ghost (14)]
  3602 | D:7      | Killed dstrtnsr's ghost
  3602 | D:7      | Reached XP level 9. HP: 34/88 MP: 8/8
  3871 | D:7      | Reached skill level 9 in Unarmed Combat
  4212 | D:8      | HP: 35/89 [orc warrior/dire flail (17)]
  4217 | D:8      | HP: 34/89 [quokka (3)]
  4368 | D:7      | HP: 33/89 [sky beast (6)]
  4372 | D:7      | HP: 15/89 [something (5)]
  4401 | D:7      | HP: 32/89 [sky beast (1)]
  4604 | D:8      | Found Cearph's Armour Shoppe.
  4665 | D:8      | Bought a scarf of cloud immunity for 105 gold pieces
  4823 | D:8      | Reached skill level 10 in Unarmed Combat
  5299 | D:7      | Found a staircase to the Ecumenical Temple.
  5320 | Temple   | Entered the Ecumenical Temple
  5576 | Temple   | Became a worshipper of Cheibriados the Contemplative
  5632 | Temple   | Quit the game

Vault maps used:
D:1:      dpeg_arrival_lava_temple_mockup
D:2:      chequers_ecumenical_altar_simple
D:3:      minitemple, hex_large
D:4:      lemuel_blue_sif_altar, first_ration, uniq_edmund, uniq_blork_the_orc
D:7:      minmay_temple_entry_oklob, enter_ossuary_1
D:8:      enter_bailey_3, serial_shops, shop, blue_anna_alchemist
Temple:   dpeg_five_rooms_temple

Skill      XL: |  1  2  3  4  5  6  7  8  9 |
---------------+----------------------------+-----
Unarmed Combat | 3 4 5 6 8 10 | 10.1
Fighting       | 3 4 5 6 |  6.3
Shields        | 3 4 5 6 |  6.3
Dodging        | |  2.4

Action                   |  1- 3 |  4- 6 |  7- 9 || total
-------------------------+-------+-------+-------++-------
Melee: Unarmed           |    75 |    32 |   323 ||   430
  Use: Scroll            |       |     2 |     9 ||    11
 Stab: Sleeping          |       |     1 |     1 ||     2
  Eat: Chunk             |     9 |     4 |    33 ||    46
       Ration            |       |       |     1 ||     1
Armor: Robe              |    25 |     8 |    55 ||    88
       Skin              |     4 |     1 |       ||     5
Dodge: Dodged            |    19 |     7 |    72 ||    98
Block: Shield            |    39 |     8 |   144 ||   191

Table legend:
 A = Spawn XP
 B = Non-spawn XP
 C = Spawn XP percentage of total XP
 D = Spawn monster count
 E = Non-spawn monster count
 F = Spawn count percentage of total count
 G = Total turns spent on level
                    A         B        C        D         E        F      G
               +---------+---------+-------+---------+---------+-------+---------
         Total |       0 |    4890 |   0.0 |       0 |     133 |   0.0 |  5632
               +---------+---------+-------+---------+---------+-------+---------
           D:1 |       0 |       4 |   0.0 |       0 |       2 |   0.0 |    31
           D:2 |       0 |      34 |   0.0 |       0 |      13 |   0.0 |   380
           D:3 |       0 |      20 |   0.0 |       0 |       9 |   0.0 |   237
           D:4 |       0 |     642 |   0.0 |       0 |      14 |   0.0 |   698
           D:5 |       0 |     610 |   0.0 |       0 |      26 |   0.0 |  1118
           D:6 |       0 |     588 |   0.0 |       0 |      22 |   0.0 |   959
           D:7 |       0 |    1985 |   0.0 |       0 |      25 |   0.0 |  1155
           D:8 |       0 |    1007 |   0.0 |       0 |      22 |   0.0 |   744
               +---------+---------+-------+---------+---------+-------+---------
